 Dungeon Crawl Stone Soup version 0.29-a0-1027-gcd8c55af63 (webtiles) character file.

Game seed: 2301611618474886032

1444 hikkokomori the Magician (level 9, -12/71 HPs)
             Began as a Meteoran Fire Elementalist on Aug 13, 2022.
             Was an Initiate of Gozag.
             Killed by an exploding themself (27 damage)
             ... ignited by their inner flame
             ... on level 5 of the Dungeon.
             The game lasted 00:27:21 (3628 turns).

hikkokomori the Magician (MeFE)                     Turns: 3628, Time: 00:27:22

Health: -12/71     AC:  2    Str: 11    XL:     9   Next: 24%
Magic:  6/19       EV: 13    Int: 20    God:    Gozag
Gold:   243        SH:  5    Dex: 15    Spells: 14/20 levels left

rFire   . . .      SeeInvis .   e - +1 dagger (pain)
rCold   . . .      Faith    .   (no shield)
rNeg    . . .      Spirit   .   a - +0 robe
rPois   .          Reflect  +   (no helmet)
rElec   .          Harm     .   (no cloak)
rCorr   .          Rampage  .   (no gloves)
Will    +....                   (no boots)
Stlth   +.........              c - amulet of reflection
HPRegen 0.21/turn               (no ring)
MPRegen 0.16/turn               (no ring)

@: gold aura, flying, glowing, studying Stealth
A: sense surroundings 2, otherworldly, glowing, explore regen
a: Renounce Religion, Potion Petition, Call Merchant, Bribe Branch


You were on level 5 of the Dungeon.
You worshipped Gozag.
Gozag was aware of your devotion.
You visited 2 branches of the dungeon, and saw 7 of its levels.

You collected 292 gold pieces.
You paid 49 gold pieces to Gozag.

Inventory:

Hand Weapons
 e - a +1 dagger of pain (weapon)
 y - a +1 hand axe of flaming
Missiles
 i - 2 throwing nets
 j - 5 poisoned darts
 l - 36 stones
Armour
 a - a +0 robe (worn)
 h - a +0 scale mail
Magical Staves
 m - a staff of earth
 r - a staff of cold
Jewellery
 c - an amulet of reflection (around neck)
Scrolls
 d - a scroll of teleportation
 n - a scroll of blinking {unknown}
 p - a scroll of silence
 q - 2 scrolls of butterflies
 t - a scroll of brand weapon {unknown}
 u - a scroll of acquirement {unknown}
 v - a scroll of identify {unknown}
 w - a scroll of amnesia {unknown}
Potions
 b - 2 potions of magic
 k - a potion of lignification {unknown}
 s - a potion of degeneration {unknown}


   Skills:
 - Level 4.2 Fighting
 + Level 3.9 Dodging
 + Level 3.3 Stealth
 + Level 6.3 Spellcasting
 - Level 1.2 Conjurations
 + Level 4.1 Summonings
 - Level 3.0 Necromancy
 - Level 6.0 Fire Magic
 + Level 4.6 Earth Magic


You had 14 spell levels left.
You knew the following spells:

 Your Spells              Type           Power      Damage    Failure   Level
a - Foxfire               Conj/Fire      80%        2x1d8     2%          1
b - Scorch                Fire           60%        2d8       1%          2
c - Summon Guardian Gole  Hex/Summ       14%        N/A       13%         3

Your spell library contained the following spells:

 Spells                   Type           Power      Damage    Failure   Level
 Conjure Flame            Conj/Fire      20%        6-21      7%          3
 Inner Flame              Hex/Fire       18%        N/A       9%          3
 Vampiric Draining        Necr           18%        2d7       9%          3
 Slow                     Hex            24%        N/A       10%         1
 Flame Wave               Conj/Fire      20%        2d7       22%         4
 Confusing Touch          Hex            6%         N/A       30%         3
 Borgnjor's Vile Clutch   Necr/Erth      10%        N/A       50%         5
 Alistair's Intoxication  Tmut/Pois      4%         N/A       95%         5
 Eringya's Noxious Bog    Tmut/Pois      3%         N/A       100%        6
 Orb of Destruction       Conj           5%         9d5       100%        7
 Spellforged Servitor     Conj/Summ      8%         N/A       100%        7


Dungeon Overview and Level Annotations

Branches:
Dungeon (6/15) Zot: 348    Temple (1/1) D:5 Zot: 223

Altars:
Dithmenos
Elyvilon
Fedhas
Gozag
Makhleb
Nemelex Xobeh
Okawaru
Qazlal
Ru
Trog
Uskayaw
Wu Jian
Yredelemnul
Zin

Shops:
D:5 :


Innate Abilities, Weirdness & Mutations

You passively map the area around you.
You are easily found by Zot.
You glow in the dark.
You regain HP and MP as you explore.


Message History

The wight is severely damaged.
The wight's fire resistance burns away.
You feel sick.
The water moccasin bites your guardian golem.
The water moccasin bites your guardian golem but does no damage.
Casting: Scorch (safe; 1% risk of failure)
Confirm with . or Enter, or press ? or * to list all spells.
Flames lash the water moccasin.
The water moccasin is moderately wounded.
The water moccasin's fire resistance burns away.
You feel sick.
The water moccasin bites your guardian golem.
Your guardian golem overheats!
Casting: Scorch (safe; 1% risk of failure)
Confirm with . or Enter, or press ? or * to list all spells.
Flames lash the wight.
The wight is burned terribly!
You destroy the wight!
You feel sick.
You are no longer poisoned.
The water moccasin bites your guardian golem but does no damage.
The water moccasin bites your guardian golem.
Flame seeps out of your guardian golem.
Your guardian golem is engulfed in blazing flames.
Flame seeps out of your guardian golem.
Casting: Scorch (safe; 1% risk of failure)
Confirm with . or Enter, or press ? or * to list all spells.
Flames lash the water moccasin.
The water moccasin is burned terribly!
The water moccasin is almost dead.
The water moccasin bites your guardian golem but does no damage.
Your guardian golem is engulfed in blazing flames.
Flame seeps out of your guardian golem.
Casting: Scorch (safe; 1% risk of failure)
Confirm with . or Enter, or press ? or * to list all spells.
Flames lash the water moccasin.
The water moccasin is burned terribly!
You kill the water moccasin!
Your guardian golem is engulfed in blazing flames.
Your guardian golem disappears in a puff of smoke!
Your guardian golem explodes!
The fiery explosion engulfs you!!
You die...
Your body crumbles into a pile of gold.

#.##.....# ........#####
#.8...>..# #............
##........##.#.#####.#####
#....∩....##.#.#..........
######.......####.#.#.###.#####
,........<...8.$##.#.#.# #.#
,*#####......###§##.#.#.#
#.##### *......8....#
#°##.#.#.# #...... ,
.####.#.#..# #@##.#...########.
, , #.#.##.###.................
#.#........................ *
#.#.##.######.............. *
*,#................)...###.##
,#...#.##.#############.# #.# *
###.#.# ######## #.# #.# , .
#.# ,..##...# #.# #.# , ..
#.#**#.##...# #.# #.#


There were no monsters in sight!

Vanquished Creatures
  Pikel (D:5)
  2 water moccasins (D:5)
  2 ogres
  A centaur (D:5)
  A lemure (D:5)
  A scorpion (D:4)
  A wight (D:5)
  5 hounds
  An orc priest (D:5)
  Terence (D:2)
  An orc wizard (D:5)
  Natasha (twice) (D:2)
  7 gnolls
  10 adders
  2 worms
  3 dart slugs
  8 orcs
  2 ball pythons
  4 endoplasms
  4 giant cockroaches
  4 goblins
  5 hobgoblins
  5 jackals
  2 kobolds (D:3)
  3 quokkas
  5 bats
  4 frilled lizards
  4 rats
91 creatures vanquished.

Vanquished Creatures (others)
  31 foxfires
31 creatures vanquished.

Grand Total: 122 creatures vanquished

Notes
Turn   | Place    | Note
-------+----------+-------------------------------------------
     0 | D:1      | hikkokomori the Meteoran Fire Elementalist began the quest
                  | for the Orb.
     0 | D:1      | Reached XP level 1. HP: 14/14 MP: 5/5
   186 | D:1      | Reached XP level 2. HP: 21/22 MP: 6/6
   262 | D:1      | Reached skill level 1 in Fighting
   349 | D:1      | Reached XP level 3. HP: 7/28 MP: 6/8
   372 | D:1      | Learned a level 2 spell: Scorch
   495 | D:2      | Noticed Terence
   498 | D:2      | Killed Terence
   499 | D:2      | Reached XP level 4. HP: 35/35 MP: 3/10
   524 | D:2      | Noticed Natasha
   529 | D:2      | Killed Natasha
   530 | D:2      | Reached skill level 1 in Necromancy
   690 | D:2      | Reached XP level 5. HP: 27/41 MP: 6/11
   795 | D:2      | Found a faded altar of an unknown god.
   802 | D:2      | Noticed Natasha
   810 | D:2      | Killed Natasha
  1045 | D:3      | Reached XP level 6. HP: 45/50 MP: 10/13
  1402 | D:4      | Reached skill level 5 in Fire Magic
  1402 | D:4      | Reached skill level 1 in Earth Magic
  1443 | D:4      | Found an iron altar of Okawaru.
  1539 | D:4      | Found a shadowy altar of Dithmenos.
  1582 | D:4      | Reached XP level 7. HP: 57/57 MP: 10/14
  1905 | D:5      | Entered Level 5 of the Dungeon
  1905 | D:5      | Found Fota's Book Shoppe.
  1935 | D:5      | Learned a level 3 spell: Summon Guardian Golem
  1973 | D:5      | Reached skill level 1 in Summonings
  2044 | D:5      | Found a staircase to the Ecumenical Temple.
  2056 | Temple   | Entered the Ecumenical Temple
  2410 | Temple   | Became a worshipper of Gozag Ym Sagoz the Greedy
  2512 | D:6      | Reached skill level 5 in Spellcasting
  2544 | D:6      | Noticed a water moccasin
  2631 | D:5      | Reached XP level 8. HP: 63/66 MP: 11/16
  3186 | D:5      | Noticed Pikel
  3200 | D:5      | Killed Pikel
  3201 | D:5      | Gained mutation: You passively map the area around you.
                  | [Meteoran growth]
  3201 | D:5      | Reached XP level 9. HP: 31/71 MP: 2/19
  3620 | D:5      | HP: 3/71 [poisoned by a water moccasin]
  3628 | D:5      | Killed by an exploding themself... ignited by their inner
                  | flame

Illustrated notes

Levels and vault maps discovered:
D:1:      evilmike_arrival_hilbert_curve, layout_loops_ring
D:2:      layout_basic, dreamdust_ecumenical_altar_statues, uniq_terence,
          uniq_natasha
D:3:      layout_loops_ring, minitemple
D:4:      layout_basic, nicolae_dithmenos_through_a_glass_darkly,
          kennysheep_mini_moat
D:5:      layout_basic, minmay_temple_entry_proselytizer, serial_shops,
          nicolae_stop_n_shop_1, minmay_manual_monstrance, uniq_pikel
D:6:      layout_cave_pools, mainiacjoe_overflow_six_doors_small, led_sif_pool,
          serial_park, serial_park_fountain, serial_park_gazebo
          [serial_park_minivault_5x5_1], serial_park_square2, serial_park_tiny_1
Temple:   minmay_temple_forest_path

Skill      XL: |  1  2  3  4  5  6  7  8  9 |
---------------+----------------------------+-----
Spellcasting   | 3 4 5 6 |  6.3
Fighting       | 1 2 3 4 |  4.2
Fire Magic     | 4 5 6 |  6.0
Necromancy     | 1 2 3 |  3.0
Earth Magic    | 1 2 4 |  4.6
Summonings     | 2 3 4 |  4.1
Dodging        | 3 |  3.9
Stealth        | 3 |  3.3
Conjurations   | |  1.2

Action                   |  1- 3 |  4- 6 |  7- 9 || total
-------------------------+-------+-------+-------++-------
Melee: Dagger            |    51 |    38 |    25 ||   114
       Punch             |       |       |     1 ||     1
Throw: Dart              |       |       |     1 ||     1
 Cast: Foxfire           |     2 |    13 |     3 ||    18
       Scorch            |     3 |    46 |    64 ||   113
       Summon Guardian G |       |       |     6 ||     6
  Use: Scroll            |       |     1 |     4 ||     5
       Potion            |       |       |     3 ||     3
Armor: Robe              |    15 |    13 |     8 ||    36
Dodge: Dodged            |    32 |    22 |    33 ||    87
Block: Other             |       |       |     3 ||     3

Table legend: (Time is in decaauts)
 A = Elapsed time spent in this place.
 B = Non-inter-level travel time spent in this place.
 C = Inter-level travel time spent in this place.
 D = Time resting spent in this place.
 E = Time spent auto-exploring this place.
 F = Levels seen in this place.
 G = Mean time per level.
                   A        B        C        D        E       F      G
               +--------+--------+--------+--------+--------+-----+--------+
         Total |   3627 |   3458 |    169 |    443 |   1136 |   7 |  518.1 |
       Dungeon |   3250 |   3137 |    113 |    443 |    829 |   6 |  541.7 |
        Temple |    376 |    320 |     56 |      0 |    307 |   1 |  376.0 |
               +--------+--------+--------+--------+--------+-----+--------+

Top non-repeatable levels by time:
     D:5: 1260 daAuts
     D:4: 622 daAuts
     D:1: 479 daAuts
     D:2: 407 daAuts
     D:3: 394 daAuts
  Temple: 376 daAuts
     D:6: 86 daAuts
